 Dungeon Crawl Stone Soup version 0.31-a0-810-ga77100ea1a (webtiles) character file.

Game seed: 4357922749287048830

317 dynsetu the Chopper (level 6, -1/56 HPs)
             Began as a Hill Orc Berserker on Sept 21, 2023.
             Was a Priest of Trog.
             Slain by an orc priest
             ... wielding a +0 war axe
              (8 damage)
             ... on level 4 of the Dungeon.
             The game lasted 00:07:23 (2997 turns).

dynsetu the Chopper (Hill Orc Berserker)            Turns: 2997, Time: 00:07:31

Health: -1/56      AC:  4    Str: 28    XL:     6   Next: 44%
Magic:  6/6        EV: 17    Int:  7    God:    Trog [***...]
Gold:   206        SH:  0    Dex: 10    Spells: 5/5 levels left

rFire   . . .        a - +0 hand axe
rCold   . . .        (no shield)
rNeg    . . .        b - +0 animal skin
rPois   .            (no helmet)
rElec   .            z - +0 cloak
rCorr   .            A - +0 pair of gloves
SInv    .            (no boots)
Will    +....        o - amulet of regeneration
Stlth   ++           f - +6 ring of strength
HPRegen 1.09/turn    t - +5 ring of evasion
MPRegen 0.10/turn

%: no passive effects
@: lethally poisoned (-1 -> -1), on berserk cooldown, enlightened, flying,
slowed, very slow
A: no striking features
a: Renounce Religion, Convert to Beogh, Berserk, Trog's Hand


You were on level 4 of the Dungeon.
You worshipped Trog.
Trog was most pleased with you.
You visited 1 branch of the dungeon, and saw 4 of its levels.

You collected 206 gold pieces.

Inventory:

Hand Weapons
 a - a +0 hand axe (weapon)
Missiles
 c - 2 boomerangs
 g - 41 stones
 w - 5 silver javelins
Armour
 b - a +0 animal skin (worn)
 z - a +0 cloak (worn)
 A - a +0 pair of gloves (worn)
Jewellery
 f - a +6 ring of strength (left hand)
 o - an amulet of regeneration (around neck)
 t - a +5 ring of evasion (right hand)
 v - a +6 ring of strength
Talismans
 q - a storm talisman
Scrolls
 i - 5 scrolls of teleportation {unknown}
 l - a scroll of enchant weapon {unknown}
 n - 3 scrolls of amnesia {unknown}
 s - a scroll of fog {unknown}
 x - a scroll of poison {unknown}
 y - a scroll of torment {unknown}
Potions
 d - 2 potions of degeneration {unknown}
 e - 3 potions of lignification {unknown}
 h - a potion of invisibility {unknown}
 j - 2 potions of enlightenment
 k - a potion of brilliance {unknown}
 m - a potion of haste {unknown}
 p - a potion of might {unknown}
 r - 2 potions of heal wounds {unknown}
 u - 2 potions of curing {unknown}


   Skills:
 + Level 5.0 Fighting
 + Level 7.0 Axes
 + Level 2.2 Armour
 + Level 2.8 Dodging
 + Level 1.5 Stealth


You had 5 spell levels left.
You didn't know any spells.
Your spell library was empty.

Dungeon Overview and Level Annotations

Branches:
Dungeon (4/15)
 Temple: D:4-7

Altars:
Okawaru
The Shining One

Annotations:
D:3 1 runed translucent door, exclusion: door, Crazy Yiuf
D:4 1 transporter


Message History

Unknown command.
You barely miss the orc priest.
The orc priest is moderately wounded.
You closely miss the kobold. You barely miss the adder.
The orc priest threatens, "By the altar or by the axe, you will meet Beogh!"
The adder bites you but does no damage. The kobold completely misses you.
The orc priest threatens, "By the altar or by the axe, you will meet Beogh!"
The orc priest closely misses you. The adder closely misses you.
The orc priest mumbles some strange prayers to Beogh against you.
Beogh smites you! The kobold barely misses you.
You closely miss the orc priest.
The orc priest is moderately wounded.
The orc priest threatens, "By the altar or by the axe, you will meet Beogh!"
You slash the kobold!
You kill the kobold!
Trog accepts your kill.
You hit the adder. The adder closely misses you.
The orc priest hits you with a +0 war axe!
The adder barely misses you.
Your Axes skill increases to level 7!
Unknown command.
You hit the orc priest.
The orc priest is heavily wounded.
You hit the orc. You closely miss the adder. The adder bites you.
The orc hits you with a +0 mace.
The orc priest miscasts a cantrip.
The adder bites you.
You are poisoned.
The adder poisons you!
The orc priest hits you with a +0 war axe!
* * * LOW HITPOINT WARNING * * *
The orc closely misses you.
Unknown command.
It was a potion of enlightenment.
You feel very buoyant.
You fly up into the air.
You feel very sick. The adder closely misses you.
The orc priest hits you with a +0 war axe!
You die...

### .. ## .. ... ##.#
..<.# ... #...# ...
#...# #####.##### #
#...# #...o......
#####...######..@S...#
................#o...#
.....................#
.........)......#.#..#
###.#...#.####.......#
# #.#...#.# ##........
#.#...#.# #.........
#.#...#.# ##..≈≈≈≈≈≈
#.#...#.# ..≈....


You could see an orc priest, an adder and an orc.

Vanquished Creatures
  An ogre (D:4)
  Jessica (D:3)
  Natasha (D:4)
  7 gnolls (D:3)
  3 adders
  2 worms
  2 dart slugs
  8 orcs
  12 ball pythons
  4 endoplasms (D:1)
  3 giant cockroaches
  5 goblins
  3 hobgoblins
  3 jackals (D:1)
  6 kobolds
  4 quokkas
  6 bats
  A frilled lizard (D:2)
  3 rats
75 creatures vanquished.

Notes
Turn   | Place    | Note
-------+----------+-------------------------------------------
     0 | D:1      | dynsetu the Hill Orc Berserker began the quest for the Orb.
     0 | D:1      | Reached XP level 1. HP: 19/19 MP: 1/1
   179 | D:1      | Reached XP level 2. HP: 12/27 MP: 2/2
   539 | D:1      | Reached XP level 3. HP: 29/33 MP: 3/3
   959 | D:1      | Reached ** piety under Trog
  1317 | D:2      | Reached skill level 5 in Axes
  1453 | D:2      | Reached XP level 4. HP: 37/40 MP: 4/4
  1868 | D:3      | Reached XP level 5. HP: 40/47 MP: 5/5
  1883 | D:3      | Reached skill level 1 in Stealth
  2296 | D:3      | Noticed Jessica
  2302 | D:3      | Killed Jessica
  2303 | D:3      | Reached skill level 6 in Axes
  2365 | D:3      | Found an iron altar of Okawaru.
  2366 | D:3      | Found a glowing golden altar of the Shining One.
  2425 | D:3      | Reached *** piety under Trog
  2535 | D:3      | Found a runed translucent door.
  2536 | D:3      | Noticed Crazy Yiuf
  2813 | D:4      | Noticed an ogre
  2827 | D:4      | Killed an ogre
  2828 | D:4      | Reached XP level 6. HP: 55/55 MP: 6/6
  2835 | D:4      | Found a transporter.
  2957 | D:4      | Noticed Natasha
  2974 | D:4      | Killed Natasha
  2975 | D:4      | Reached skill level 5 in Fighting
  2996 | D:4      | Reached skill level 7 in Axes
  2997 | D:4      | Slain by an orc priest

Illustrated notes

Levels and vault maps discovered:
D:1:      lemuel_arrival_broad_hall, layout_basic
D:2:      layout_basic
D:3:      layout_loops_ring, minitemple, uniq_crazy_yiuf_cottage, uniq_jessica
D:4:      gammafunk_cloud_chamber, layout_loops_cross, nicolae_overflow_squiral,
          uniq_natasha

Skill      XL: |  1  2  3  4  5  6 |
---------------+-------------------+-----
Fighting       | 4 5 |  5.0
Dodging        | 2 |  2.8
Axes           | 5 6 7 |  7.0
Stealth        | 1 |  1.5
Armour         | |  2.2

Action                     |  1- 3 |  4- 6 || total
---------------------------+-------+-------++-------
  Melee: Hand axe          |   107 |   121 ||   228
         Punch             |     1 |     1 ||     2
 Invoke: Berserk           |       |     4 ||     4
    Use: Potion            |       |     1 ||     1
   Stab: Sleeping          |     1 |     3 ||     4
 Armour: Animal skin       |    48 |    64 ||   112
  Dodge: Dodged            |    80 |   124 ||   204

Table legend: (Time is in decaauts)
 A = Elapsed time spent in this place.
 B = Non-inter-level travel time spent in this place.
 C = Inter-level travel time spent in this place.
 D = Time resting spent in this place.
 E = Time spent auto-exploring this place.
 F = Levels seen in this place.
 G = Mean time per level.
                   A        B        C        D        E       F      G
               +--------+--------+--------+--------+--------+-----+--------+
         Total |   3037 |   2932 |    105 |      0 |   2246 |   4 |  759.2 |
       Dungeon |   3037 |   2932 |    105 |      0 |   2246 |   4 |  759.2 |
               +--------+--------+--------+--------+--------+-----+--------+

Top non-repeatable levels by time:
     D:1: 1113 daAuts
     D:3: 904 daAuts
     D:2: 793 daAuts
     D:4: 226 daAuts
